 Dungeon Crawl Stone Soup version 0.25.0-37-gb73750e0fb (webtiles) character file.

Game seed: 7382198046396062249

88 Gwenloh the Covered (level 4, -5/38 HPs)
             Began as a Demigod Fighter on July 10, 2020.
             Slain by a gnoll
             ... wielding a +0 halberd
              (6 damage)
             ... on level 2 of the Dungeon.
             The game lasted 00:03:29 (1626 turns).

Gwenloh the Covered (Demigod Fighter)               Turns: 1626, Time: 00:03:30

Health: -5/38      AC:  6    Str: 19    XL:     4   Next: 8%
Magic:  6/6        EV:  8    Int: 12    God:
Gold:   72         SH:  9    Dex: 17    Spells: 3/3 levels left

rFire    . . .     SeeInvis .   a - +0 long sword
rCold    . . .     Gourm    .   c - +0 kite shield
rNeg     . . .     Faith    .   b - +0 scale mail
rPois    .         Spirit   .   (no helmet)
rElec    .         Reflect  .   (no cloak)
rCorr    .         Harm     .   (no gloves)
MR       .....                  (no boots)
Stlth    ..........             (no amulet)
HPRegen  0.12/turn              (no ring)
MPRegen  0.10/turn              (no ring)

@: no status effects
A: high mp 1
a: no special abilities


You were on level 2 of the Dungeon.
You were not hungry.

You visited 1 branch of the dungeon, and saw 2 of its levels.

You collected 72 gold pieces.

Inventory:

Hand Weapons
 a - a +0 long sword (weapon)
Missiles
 p - 72 stones (quivered)
 s - 14 bolts
Armour
 b - a +0 scale mail (worn)
 c - a +0 kite shield (worn)
Jewellery
 o - a +4 ring of evasion {unknown}
 t - an uncursed amulet of faith {unknown}
Scrolls
 h - 2 scrolls of noise {unknown}
 m - 2 scrolls of immolation {unknown}
 n - 2 scrolls of teleportation {unknown}
 q - a scroll of remove curse {unknown}
 r - a scroll of identify {unknown}
Potions
 e - a potion of magic {unknown}
 g - a potion of curing
 i - a potion of degeneration {unknown}
 k - a potion of haste {unknown}
 l - 2 potions of heal wounds {unknown}
Comestibles
 d - 3 chunks of flesh
 f - 4 rations


   Skills:
 + Level 3.2 Fighting
 + Level 2.4 Long Blades
 + Level 3.2 Armour
 + Level 1.3 Dodging
 + Level 3.1 Shields


You had 3 spell levels left.
You didn't know any spells.
Your spell library was empty.

Dungeon Overview and Level Annotations

Branches:
Dungeon (2/15)


Innate Abilities, Weirdness & Mutations

You have an increased reservoir of magic. (+10% MP)


Message History

You barely miss the gnoll.
The gnoll is heavily wounded.
The gnoll hits you with a +0 halberd.
You hit the gnoll.
The gnoll is heavily wounded.
You block the gnoll's attack.
You hit the gnoll.
The gnoll is almost dead.
You block the gnoll's attack.
You barely miss the gnoll.
The gnoll is almost dead.
You block the gnoll's attack. x2
You barely miss the gnoll.
The gnoll is almost dead.
The gnoll hits you with a +0 halberd!
* * * LOW HITPOINT WARNING * * *
You barely miss the gnoll.
The gnoll is almost dead.
The gnoll hits you with a +0 halberd.
You die...

. # . ##.# .. ######## #
#......# # #.####.#
#.####.###################
#.#.....).@ggg(.(.((..(..#
#.#.##.#######.##.#(.###.#
##.#.##.# #.##.#..#
#.......# #.##.....g
#....#### #.####..#..
#...## #.# ..#.#(. ##.##
#.. ..# . . #######รท# ###
### # .>......#


You could see 3 gnolls.

Vanquished Creatures
  Terence (D:2)
  A gnoll (D:2)
  3 adders (D:2)
  A worm (D:2)
  An orc (D:2)
  2 giant cockroaches
  3 hobgoblins
  8 bats
  5 kobolds
  4 rats
29 creatures vanquished.

Notes
Turn   | Place    | Note
-------+----------+-------------------------------------------
     0 | D:1      | Gwenloh the Demigod Fighter began the quest for the Orb.
     0 | D:1      | Reached XP level 1. HP: 18/18 MP: 3/3
   700 | D:2      | Found a sacrificial altar of Ru.
   701 | D:2      | Reached XP level 2. HP: 25/25 MP: 4/4
  1235 | D:2      | Noticed Terence
  1247 | D:2      | Killed Terence
  1247 | D:2      | Reached skill level 1 in Dodging
  1247 | D:2      | Reached XP level 3. HP: 12/31 MP: 5/5
  1594 | D:2      | Reached XP level 4. HP: 32/38 MP: 6/6
  1625 | D:2      | HP: 1/38 [gnoll/+0 halberd (14)]
  1626 | D:2      | Slain by a gnoll

Illustrated notes

Levels and vault maps discovered:
D:1:      noname_arrival_rooms_in_the_neighbourhood, layout_loops_ring, hex_tiny
D:2:      layout_loops_cross, marbit_many_paths, overflow_temple_1_default,
          first_ration, uniq_terence

Skill      XL: |  1  2 |
---------------+-------+-----
Long Blades    | 2 |  2.4
Armour         | 3 |  3.2
Fighting       | 3 |  3.2
Dodging        | 1 |  1.3
Shields        | 3 |  3.1

Action                   |  1- 3 |  4- 6 || total
-------------------------+-------+-------++-------
Melee: Long sword        |    94 |    10 ||   104
Throw: Stone             |    15 |     7 ||    22
  Use: Potion            |     1 |       ||     1
  Eat: Chunk             |     2 |       ||     2
Armor: Scale mail        |    47 |       ||    47
Dodge: Dodged            |    38 |     2 ||    40
Block: Kite shield       |    51 |     6 ||    57
       Rpst.: Long sword |     9 |     1 ||    10
